cohdb
Replays
Latest Replays
All Replays
Popular Replays
Top Player Replays
Match Explorer
How It Works
Community
CoH3 Stats
Reddit
Sign in to upload your games and track your stats! →
Sign in with Steam
Match 41776072
Unlisted
Match 41776072
Overview
Messages
Build Orders
End
Construct Weapon Support Center
Selects Special Operations Battlegroup
Selects M29 Weasel Recon Vehicle
M29 Weasel Recon Vehicle
M1919 Machine Gun Team
Bazooka Squad
M1919 Machine Gun Team
M29 Weasel Recon Vehicle
Selects Raiding Flares
Construct Medical Station
Bazooka Squad
Infantry Support Center
Improved M9 Bazooka Rockets
Selects SSF Commando Squad
SSF Commando Squad
Munitions Surplus
M29 Weasel Recon Vehicle
SSF Commando Squad
SSF Commando Squad
Advanced Logistics
Raiding Flares
M1919 Machine Gun Team
M29 Weasel Recon Vehicle
Raiding Flares
Selects P-47 Anti-Infantry Loiter
P-47 Anti-Infantry Loiter
Bazooka Squad
Selects M4A1 Sherman Whizbang
M4A1 Sherman Whizbang
Raiding Flares
SSF Commando Squad
Raiding Flares
SSF Commando Squad
Raiding Flares
Selects Assault Operation
Engineer Squad
Raiding Flares
M29 Weasel Recon Vehicle
M4A1 Sherman Whizbang
Raiding Flares
Engineer Squad
Assault Operation
M29 Weasel Recon Vehicle
Construct Weapon Support Center
Raiding Flares
SSF Commando Squad
SSF Commando Squad
Raiding Flares
Forward Retreat Point
Raiding Flares
Assault Operation
Raiding Flares
Hydra7-1
[WLF] WhiteWolf
Saueee
ST Hélios | No Game No Life
0
0
Comments
sign in to comment!
No comments posted yet!